 Dungeon Crawl Stone Soup version 0.30.0-3-ga4e48a9924 (webtiles) character file.

Game seed: 14731481135003046890

3645 jimonade the Covert (level 10, -3/58 HPs)
             Began as a Kobold Brigand on May 7, 2023.
             Was a Believer of Wu Jian.
             Constricted to death by Erica (9 damage)
             ... on level 8 of the Dungeon.
             The game lasted 00:19:05 (7549 turns).

jimonade the Covert (Kobold Brigand)                Turns: 7549, Time: 00:19:06

Health: -3/58      AC: 10    Str:  8    XL:     10   Next: 33%
Magic:  10/10      EV: 21    Int: 13    God:    Wu Jian [**....]
Gold:   1102       SH:  0    Dex: 21    Spells: 9/9 levels left

rFire   . . .        a - +0 short sword (elec)
rCold   . . .        (no shield)
rNeg    . . .        o - +0 steam dragon scales
rPois   .            y - +0 helmet
rElec   .            c - +0 cloak
rCorr   +            r - +0 pair of gloves
SInv    .            f - +0 pair of boots
Will    .....        (no amulet)
Stlth   +++++++      h - +5 ring of evasion
HPRegen 0.29/turn    g - ring of resist corrosion
MPRegen 0.12/turn

%: no passive effects
@: grasped by roots, hasted and slowed, constricted
A: small, no large weapons, nightstalker 3
a: Renounce Religion, Wall Jump


You were on level 8 of the Dungeon.
You worshipped Wu Jian.
Wu Jian was pleased with you.
You visited 2 branches of the dungeon, and saw 9 of its levels.
You also visited: Bailey.

You collected 1102 gold pieces.

Inventory:

Hand Weapons
 a - a +0 short sword of electrocution (weapon)
 b - the +1 sling of the Heart {speed, Will+}
   (You found it on level 3 of the Dungeon)

   Will:      It increases your willpower.
 q - a +1 dagger of holy wrath
 E - a +2 dagger
 G - a +0 rapier
 I - a +5 long sword
 J - a +1 dagger of freezing
 Q - a +0 dagger of flaming
 X - a +2 dagger of draining
Missiles
 d - 53 poisoned darts (quivered)
 e - 4 curare-tipped darts
 p - 47 stones
 H - 31 boomerangs
 K - 3 datura-tipped darts
 Y - 8 atropa-tipped darts
Armour
 c - a +0 cloak (worn)
 f - a +0 pair of boots (worn)
 o - +0 steam dragon scales (worn)
 r - a +0 pair of gloves (worn)
 s - a +0 chain mail
 y - a +0 helmet (worn)
 C - a +1 scale mail of willpower
 L - a +0 ring mail
 Z - a +0 ring mail of cold resistance
Jewellery
 g - a ring of resist corrosion (right hand)
 h - a +5 ring of evasion (left hand)
Wands
 D - a wand of roots (11)
 R - a wand of acid (3)
 V - a wand of flame (68)
Scrolls
 k - 2 scrolls of vulnerability
 l - 2 scrolls of blinking
 t - a scroll of brand weapon {unknown}
 u - 2 scrolls of enchant armour {unknown}
 z - a scroll of magic mapping
 M - a scroll of fog {unknown}
 N - 3 scrolls of teleportation
 P - a scroll of fear {unknown}
 U - a scroll of poison {unknown}
Potions
 i - 4 potions of attraction
 j - 5 potions of haste
 m - 5 potions of curing {unknown}
 n - 2 potions of brilliance {unknown}
 v - 2 potions of mutation {unknown}
 w - 3 potions of cancellation
 x - 2 potions of invisibility {unknown}
 A - 3 potions of flight {unknown}
 B - 3 potions of lignification {unknown}
 F - 3 potions of might {unknown}
 O - a potion of heal wounds {unknown}
 S - a potion of degeneration {unknown}
 W - a potion of berserk rage {unknown}


   Skills:
 + Level 4.8 Fighting
 + Level 9.8 Short Blades
 + Level 2.3 Throwing
 + Level 2.8 Armour
 + Level 6.2 Dodging
 - Level 14.4 Stealth


You had 9 spell levels left.
You didn't know any spells.
Your spell library contained the following spells:

 Spells                   Type           Power      Damage    Failure   Level
 Shock                    Conj/Air       0%         1d3       30%         1
 Lesser Beckoning         Tloc           0%         N/A       43%         2
 Gell's Gravitas          Tloc           0%         N/A       67%         3
 Swiftness                Air            0%         N/A       67%         3
 Teleport Other           Tloc           0%         N/A       67%         3
 Airstrike                Air            0%         2d(0-16)  97%         4


Dungeon Overview and Level Annotations

Branches:
Dungeon (8/15)             Temple (1/1) D:4          Bailey (visited)
   Lair: D:8-11

Altars:
Ashenzari
Cheibriados
Gozag
Hepliaklqana
Makhleb
Nemelex Xobeh
Okawaru
Ru
Sif Muna
Uskayaw
Vehumet
Wu Jian
Xom
Yredelemnul
Zin

Annotations:
D:3 1 runed translucent door, Crazy Yiuf
D:8 Erica


Innate Abilities, Weirdness & Mutations

You are small and have problems with some larger weapons.
You are completely attuned to the shadows.


Message History

You hit something. Something hits you! Something burns you.
You hear a zap.
The roots erupt in riotous growth!
The grasping roots grab you!
You are constricted!
* * * LOW HITPOINT WARNING * * *
You are too confused!
Unknown command.
You escape the roots grasp.
Something hits you but does no damage. Something hits you.
* * * LOW HITPOINT WARNING * * *
Something burns you.
* * * LOW HITPOINT WARNING * * *
Your magical effects are unravelling.
You feel magically purged.
You feel yourself speed up.
You feel less confused. Something hits you.
* * * LOW HITPOINT WARNING * * *
Something burns you.
* * * LOW HITPOINT WARNING * * *
You feel yourself speed up.
You hear some strange, mumbled words.
A bolt of poison appears from out of thin air!
The bolt of poison misses you.
You hear some strange, mumbled words.
You feel yourself slow down.
You hear some strange, mumbled words.
A bolt of poison appears from out of thin air!
The bolt of poison misses you.
Okay, then.
Blink to where?
Press: ? - help, Dir - move target
As you read the scroll of blinking, it crumbles to dust.
Something tries to affect you, but you resist.
Found 15 gold pieces.
You hear a zap.
The roots erupt in riotous growth!
The grasping roots grab you!
You are constricted!
You die...

#########
**#####.......##
#,,..##.#####..##
***#.##.##.#####.#.#####
*,,........##...###.....
*,*#.$.@.........#.#####
*,*#..#.#..#......##
*,*#.,#.#..##....##
*,*#,,..#........# ####
*,,,,.....####.### #...
**,***##### #.# #.## *,*
##'## #.# *,* ##..?##
#.## *,*** ##.....##
#.##


There were no monsters in sight!

Vanquished Creatures
  3 yaks (D:6)
  A steam dragon (D:7)
  2 water moccasins
  A black bear (D:4)
  4 orc warriors (Bailey)
  An ice beast (D:7)
  An ogre (D:4)
  A centaur (D:8)
  A phantom (D:5)
  5 kobold brigands
  Blork the orc (D:6)
  2 bullfrogs (D:8)
  2 scorpions
  5 wights (D:8)
  6 killer bees (D:8)
  5 howler monkeys
  5 hounds
  4 jellies
  2 iguanas (D:5)
  5 orc wizards
  2 sleepcaps
  Terence (D:2)
  A gnoll (D:1)
  10 adders
  2 shadow imps
  2 dart slugs
  14 orcs
  5 endoplasms
  2 giant cockroaches
  13 goblins
  5 hobgoblins
  21 kobolds
  3 quokkas
  7 ball pythons
  A bat (D:2)
  3 frilled lizards
  6 rats
155 creatures vanquished.

Vanquished Creatures (others)
  3 fungi (D:3)
3 creatures vanquished.

Grand Total: 158 creatures vanquished

Notes
Turn   | Place    | Note
-------+----------+-------------------------------------------
     0 | D:1      | jimonade the Kobold Brigand began the quest for the Orb.
     0 | D:1      | Reached XP level 1. HP: 12/12 MP: 1/1
   344 | D:1      | Reached XP level 2. HP: 17/17 MP: 2/2
   447 | D:1      | Reached skill level 6 in Stealth
   616 | D:1      | Reached XP level 3. HP: 21/21 MP: 3/3
   900 | D:2      | Reached skill level 7 in Stealth
   900 | D:2      | Reached XP level 4. HP: 26/26 MP: 4/4
   910 | D:2      | Noticed Terence
   944 | D:2      | Killed Terence
  1553 | D:3      | Reached XP level 5. HP: 10/31 MP: 5/5
  1772 | D:3      | Found a runed translucent door.
  1775 | D:3      | Noticed Crazy Yiuf
  2009 | D:3      | Identified the +1 sling of the Heart {speed, Will+}
  2695 | D:4      | Noticed a black bear
  2711 | D:4      | Killed a black bear
  2712 | D:4      | Reached skill level 1 in Armour
  2712 | D:4      | Reached skill level 8 in Stealth
  2712 | D:4      | Reached XP level 6. HP: 35/36 MP: 6/6
  2963 | D:4      | Noticed an ogre
  2967 | D:4      | Killed an ogre
  3029 | D:4      | Reached skill level 9 in Stealth
  3047 | D:4      | Reached XP level 7. HP: 38/40 MP: 7/7
  3232 | D:4      | Found a staircase to the Ecumenical Temple.
  3242 | Temple   | Entered the Ecumenical Temple
  3309 | Temple   | Became a worshipper of the Wu Jian Council
  3887 | D:5      | Entered Level 5 of the Dungeon
  4039 | D:5      | Reached skill level 5 in Short Blades
  4123 | D:5      | Reached skill level 10 in Stealth
  4251 | D:5      | Reached XP level 8. HP: 45/45 MP: 8/8
  4507 | D:5      | Reached skill level 11 in Stealth
  4593 | D:5      | Reached * piety under Wu Jian
  4943 | D:6      | Noticed a yak
  4989 | D:6      | Noticed Blork the orc
  4993 | D:6      | Killed Blork the orc
  5185 | D:6      | Noticed a yak
  5185 | D:6      | Noticed a yak
  5215 | D:6      | Killed a yak
  5216 | D:6      | Reached skill level 12 in Stealth
  5224 | D:6      | Killed a yak
  5225 | D:6      | Reached XP level 9. HP: 48/51 MP: 9/9
  5400 | D:6      | Found a hide-covered altar of Uskayaw.
  5971 | D:7      | Reached skill level 13 in Stealth
  6337 | D:8      | Found a flagged portal.
  6368 | D:8      | Reached skill level 14 in Stealth
  6376 | Bailey   | Entered a bailey
  6447 | Bailey   | Reached ** piety under Wu Jian
  6458 | Bailey   | Reached skill level 5 in Dodging
  6683 | Bailey   | Found a bloodstained altar of Trog.
  6685 | Bailey   | Reached XP level 10. HP: 56/56 MP: 10/10
  7521 | D:8      | Noticed Erica
  7535 | D:8      | HP: 2/58 [something (1)]
  7549 | D:8      | Constricted to death by Erica

Illustrated notes

Levels and vault maps discovered:
D:1:      nicolae_arrival_somewhat_less_tricky_arrival, layout_loops_ring
D:2:      layout_rooms, amcnicky_mini_pool_small, uniq_terence
D:3:      wad_river_or_something, layout_loops_ring, st_stairs_10,
          uniq_crazy_yiuf_cottage
D:4:      layout_loops_corners, minmay_temple_entry_junction,
          grunt_ministairs_11, kennysheep_generic_room_4
D:5:      layout_gridville
D:6:      layout_rooms, mainiacjoe_overflow_concentric_impassable,
          uniq_blork_the_orc
D:7:      layout_loops_ring, chequers_decorated_corner, corner_web_ring,
          minmay_misc_feat_square, minmay_misc_feat_encased
D:8:      layout_loops_corners, enter_bailey_3, uniq_erica
Temple:   compressed_dpeg_triangle_lava_temple

Skill      XL: |  1  2  3  4  5  6  7  8  9 10 |
---------------+-------------------------------+-----
Stealth        | 6 7 8 9 10 12 14 | 14.4
Short Blades   | 3 4 5 6 8 9 |  9.8
Armour         | 1 2 |  2.8
Dodging        | 2 3 5 6 |  6.2
Fighting       | 3 4 |  4.8
Throwing       | |  2.3

Action                     |  1- 3 |  4- 6 |  7- 9 | 10-12 || total
---------------------------+-------+-------+-------+-------++-------
  Melee: Dagger            |    20 |    85 |   256 |     6 ||   367
         Punch             |       |       |     4 |       ||     4
         Short sword       |       |       |    88 |    80 ||   168
  Throw: Dart              |       |     3 |       |       ||     3
Ability: Lunge             |       |       |    33 |     6 ||    39
         Whirlwind         |       |       |    72 |     8 ||    80
    Use: Scroll            |       |       |     8 |     1 ||     9
         Potion            |       |       |     1 |     2 ||     3
   Stab: Sleeping          |    16 |    17 |    45 |     6 ||    84
         Distracted        |       |     1 |     4 |       ||     5
 Armour: Leather armour    |       |    22 |    27 |       ||    49
         Steam dragon scal |       |       |    10 |     5 ||    15
  Dodge: Dodged            |     2 |    49 |   172 |    46 ||   269
